 Dungeon Crawl Stone Soup version 0.28.0-45-g0d030f2227 (webtiles) character file.

Game seed: 16036930810438091813

1146 zeratav the Insei (level 8, -6/54 HPs)
             Began as an Octopode Transmuter on Apr 10, 2022.
             Was an Initiate of Ashenzari.
             Killed by divine providence
             ... invoked by an orc priest
              (7 damage)
             ... on level 6 of the Dungeon.
             The game lasted 00:10:07 (6861 turns).

zeratav the Insei (Octopode Transmuter)             Turns: 6861, Time: 00:10:07

Health: -6/54      AC:  8    Str: 10    XL:     8   Next: 38%
Magic:  29/29      EV: 15    Int: 15    God:    Ashenzari [......]
Gold:   300        SH:  0    Dex: 14    Spells: 7/11 levels left

rFire   . . .      SeeInvis .   c - +1 short sword (protect) {short}
rCold   . . .      Faith    .   (no shield)
rNeg    . . .      Spirit   .   (helmet restricted)
rPois   .          Reflect  .   (no amulet)
rElec   .          Harm     .   j - ring of magical power
rCorr   .          Rampage  .   m - ring of magical power
Will    .....                   (no ring)
Stlth   ++++......              (no ring)
HPRegen 0.18/turn               (no ring)
MPRegen 0.21/turn               (no ring)
                                (no ring)
                                (no ring)

@: lethally poisoned (-6 -> -10), under a protective aura
A: almost no armour, amphibious, 8 rings, camouflage 1, gelatinous body 1,
(nimble swimmer 1), tentacles
a: Renounce Religion


You were on level 6 of the Dungeon.
You worshipped Ashenzari.
Ashenzari was noncommittal.
You visited 2 branches of the dungeon, and saw 7 of its levels.

You collected 300 gold pieces.


Innate Abilities, Weirdness & Mutations

You cannot wear most types of armour.
You are amphibious.
You can wear up to eight rings at the same time.
Your skin changes colour to match your surroundings (Stealth+).
Your rubbery body absorbs attacks. (AC +1, EV +1)
((You are camouflaged when in or above water. (Stealth+)))
You have tentacles for arms and can constrict up to eight enemies at once.


   Skills:
 + Level 4.3 Fighting
 + Level 4.7 Dodging
 - Level 5.0 Stealth
 * Level 6.9 Unarmed Combat
 - Level 2.0 Spellcasting
 + Level 2.3 Transmutations
 + Level 0.8 Ice Magic


You had 7 spell levels left.
You knew the following spells:

 Your Spells              Type           Power      Damage    Failure   Level
a - Beastly Appendage     Tmut           16%        N/A       9%          1
b - Spider Form           Tmut/Pois      4%         N/A       38%         3

Your spell library contained the following spells:

 Spells                   Type           Power      Damage    Failure   Level
 Wereblood                Tmut           8%         N/A       13%         2
 Apportation              Tloc           2%         N/A       22%         1
 Corpse Rot               Necr/Air       2%         N/A       32%         2
 Poisonous Vapours        Pois/Air       2%         N/A       32%         2
 Ice Form                 Ice/Tmut       6%         N/A       75%         4
 Alistair's Intoxication  Tmut/Pois      2%         N/A       98%         5
 Dispersal                Tloc           0%         N/A       100%        6
 Disjunction              Tloc           0%         N/A       100%        8

Inventory:

Hand Weapons
 c - a +1 short sword of protection (weapon) {short}
   (You found it on level 1 of the Dungeon)
Jewellery
 j - a ring of magical power (left tentacle)
   (You found it on level 3 of the Dungeon)
 m - a ring of magical power (right tentacle)
   (You took it off an orc on level 4 of the Dungeon)
Wands
 o - a wand of digging (1)
   (You found it on level 4 of the Dungeon)
Scrolls
 d - a scroll of identify {unknown}
 e - 2 scrolls of fear {unknown}
 h - 2 scrolls of immolation {unknown}
 k - a scroll of teleportation {unknown}
 n - a scroll of fog {unknown}
 p - 2 scrolls of blinking {unknown}
 r - a scroll of noise {unknown}
Potions
 a - a potion of brilliance {unknown}
 b - 3 potions of curing {unknown}
 f - 2 potions of flight {unknown}
 g - a potion of magic {unknown}
 i - a potion of cancellation {unknown}
 l - a potion of lignification {unknown}
 q - 2 potions of degeneration {unknown}
 s - a potion of might {unknown}
 t - a potion of mutation {unknown}

Dungeon Overview and Level Annotations

Branches:
Dungeon (6/15)             Temple (1/1) D:5

Altars:
Ashenzari
Cheibriados
Dithmenos
Elyvilon
Fedhas
Gozag
Hepliaklqana
Kikubaaqudgha
Makhleb
Nemelex Xobeh
Okawaru
Qazlal
Ru
Sif Muna
Trog
Uskayaw
Vehumet
Wu Jian
Xom
Yredelemnul
Zin
The Shining One

#.#.....##...
#............... .#..
....###...# ... .....#
...## ##.## #..###..#..#.
#...###...# ...#........
#....#..#.. ..#.........##
#......###... ...........
#.....###.#.## #!.........
........##...###@s........
........#..#....oo........
..#^###....##..).)o<......
#[.###...###.#...)........
#...#.....###....#........
##...#..#..#..#..#........
##.....###...###.#........
.<.....##....# ##.........
..##...###....# ..#..#.##


You could see a scorpion, an orc priest, an orc wizard and an orc.


Message History

The orc closely misses you. The orc wizard casts a spell at you.
You resist with some effort.
The orc wizard hits you with a +0 dagger.
HP[-5]
You take 5 damage, and now have 31/54 hp.
You hit the orc wizard.
Your weapon exudes an aura of protection.
You squeeze the orc wizard. You constrict the orc wizard. The orc misses you.
The orc wizard hits you but does no damage.
The orc wizard misses you. The orc priest hits you with a +0 mace.
HP[-1]
You take 1 damage, and now have 30/54 hp.
You barely miss the orc priest. You grab the orc priest.
You constrict the orc wizard.
You kill the orc wizard!
You constrict the orc priest. The orc hits you but does no damage.
The orc wizard hits you but does no damage.
The orc priest hits you but does no damage.
The orc closely misses you.
You release your grip on the orc priest.
The orc wizard misses you.
HP[+1]
You hit the orc wizard. Your grab misses the orc wizard.
The orc wizard hits you with a +0 dagger.
The orc priest hits you but does no damage.
The orc completely misses you.
HP[-2]
You take 2 damage, and now have 29/54 hp.
You hit the orc wizard. Your grab misses the orc wizard.
You squeeze the orc wizard, but do no damage.
The orc wizard hits you with a +0 dagger.
The orc priest mumbles some strange prayers to Beogh against you.
Pain shoots through your body!
* * * LOW HITPOINT WARNING * * *
The orc hits you but does no damage.
HP[-8]
You take 8 damage, and now have 21/54 hp.
You hit the orc priest but do no damage.
You grab the orc priest. You constrict the orc priest. The scorpion misses you.
The orc wizard hits you but does no damage.
The orc priest barely misses you. The orc hits you but does no damage.
The scorpion barely misses you.
You hit the orc wizard. Your grab misses the orc wizard.
You constrict the orc priest, but do no damage.
The orc wizard gestures at you while chanting.
You are confused.
The orc priest barely misses you. The scorpion barely misses you.
The orc completely misses you.
You completely miss the orc wizard. You constrict the orc priest.
The orc wizard barely misses you.
The orc priest casts a cantrip, but nothing happens.
The scorpion stings you.
* * * LOW HITPOINT WARNING * * *
You are poisoned.
The scorpion poisons you! The orc hits you but does no damage.
You barely miss the orc.
Your tentacle-slap misses the orc.
Your squeeze misses the orc. You constrict the orc priest.
You feel very sick. The orc wizard completely misses you.
The orc priest completely misses you.
The scorpion stings you but does no damage.
The orc barely misses you. The orc wizard closely misses you.
The orc priest closely misses you.
HP[-4]
You take 4 damage, and now have 17/54 hp.
You're too confused to move!
You constrict the orc priest.
You feel sick. The scorpion closely misses you. The orc barely misses you.
The scorpion barely misses you.
The orc priest calls upon Beogh to heal the orc wizard.
The orc wizard is healed somewhat.
The orc wizard casts a spell at you. You resist with some effort.
HP[-2]
You take 2 damage, and now have 15/54 hp.
You barely miss the orc wizard. You squeeze the orc wizard.
You constrict the orc priest, but do no damage.
You feel sick. The orc misses you. The scorpion barely misses you.
The orc priest hits you with a +0 mace.
* * * LOW HITPOINT WARNING * * *
The orc wizard hits you with a +0 dagger.
* * * LOW HITPOINT WARNING * * *
HP[-6]
You take 6 damage, and now have 9/54 hp.
You hit the orc priest.
Your weapon exudes an aura of protection.
You constrict the orc priest.
You feel sick. The scorpion stings you.
* * * LOW HITPOINT WARNING * * *
The orc misses you.
The orc priest hits you but does no damage.
The orc wizard hits you but does no damage.
HP[-8]
You take 8 damage, and now have 1/54 hp.
Okay, then.
You release your grip on the orc priest.
You feel less confused.
* * * LOW HITPOINT WARNING * * *
You feel sick.
The orc priest calls down the wrath of Beogh upon you.
Beogh smites you!
You die...

Skill      XL: |  1  2  3  4  5  6  7  8 |
---------------+-------------------------+-----
Stealth        | 1 2 3 4 5 |  5.0
Fighting       | 2 3 4 |  4.3
Unarmed Combat | 4 5 6 |  6.9
Dodging        | 3 4 |  4.7
Spellcasting   | |  2.0
Transmutations | |  2.3
Ice Magic      | |  0.8

Action                   |  1- 3 |  4- 6 |  7- 9 || total
-------------------------+-------+-------+-------++-------
Melee: Unarmed           |    49 |       |       ||    49
       Constrict         |    28 |    32 |    22 ||    82
       Kick              |    16 |    39 |    23 ||    78
       Tentacles         |    13 |    30 |    24 ||    67
       Short sword       |    28 |   121 |    87 ||   236
       Punch             |     1 |     3 |     3 ||     7
 Cast: Beastly Appendage |    21 |    37 |    14 ||    72
 Stab: Sleeping          |     8 |     8 |     2 ||    18
       Distracted        |       |     1 |       ||     1
Armor: Skin              |    16 |    30 |    29 ||    75
Dodge: Dodged            |    39 |    83 |    79 ||   201

Levels and vault maps discovered:
D:1:      roderic_crop_circles_arrival_small, layout_basic
D:2:      layout_basic
D:3:      layout_loops_ring, hellmonk_ecumenical_altar_arch_garden,
          nicolae_figureground_pulse
D:4:      layout_layer_cave, nicolae_elyvilon_peaceful_grove
D:5:      layout_loops_cross, minmay_temple_entry_nine_rooms, serial_bayou,
          serial_bayou_shore_b, serial_bayou_ford_a, serial_bayou_pond_b,
          serial_bayou_shore_a, roderic_cross_of_infinity
D:6:      hellmonk_destroyed_diamonds, layout_rooms
Temple:   mainiacjoe_temple_starburst

Notes
Turn   | Place    | Note
-------+----------+-------------------------------------------
     0 | D:1      | zeratav the Octopode Transmuter began the quest for the
                  | Orb.
     0 | D:1      | Reached XP level 1. HP: 13/13 MP: 3/3
     0 | D:1      | magus.rc [v1.9.6]
   223 | D:1      | You pick up a book of Party Tricks and begin reading...
   223 | D:1      | You add the spells Apportation and Alistair's Intoxication
                  | to your library.
   383 | D:1      | Reached XP level 2. HP: 16/18 MP: 3/5
   393 | D:1      | Reached skill level 1 in Stealth
   705 | D:1      | Reached XP level 3. HP: 20/23 MP: 4/6
  1659 | D:2      | You pick up a book of the Warp and begin reading...
  1659 | D:2      | You add the spells Dispersal and Disjunction to your
                  | library.
  1825 | D:2      | Reached skill level 2 in Stealth
  1825 | D:2      | Reached XP level 4. HP: 26/29 MP: 5/7
  2581 | D:3      | Reached skill level 2 in Fighting
  2581 | D:3      | Reached skill level 4 in Unarmed Combat
  2942 | D:3      | Reached XP level 5. HP: 25/34 MP: 8/8
  2948 | D:3      | Reached skill level 3 in Dodging
  3286 | D:3      | Found a faded altar of an unknown god.
  3510 | D:4      | Reached skill level 3 in Stealth
  3738 | D:4      | Reached XP level 6. HP: 38/41 MP: 9/9
  3739 | D:4      | Found a white marble altar of Elyvilon.
  4136 | D:4      | Reached skill level 5 in Unarmed Combat
  4976 | D:5      | Entered Level 5 of the Dungeon
  5029 | D:5      | Learned a level 3 spell: Spider Form
  5105 | D:5      | Noticed a necrophage
  5110 | D:5      | Reached skill level 3 in Fighting
  5113 | D:5      | Reached skill level 4 in Stealth
  5117 | D:5      | Killed a necrophage
  5118 | D:5      | Reached XP level 7. HP: 46/46 MP: 10/10
  5487 | D:5      | Reached skill level 4 in Dodging
  5645 | D:5      | Reached skill level 6 in Unarmed Combat
  5682 | D:5      | Reached skill level 5 in Stealth
  6074 | D:5      | Reached XP level 8. HP: 23/54 MP: 11/11
  6077 | D:5      | Reached skill level 4 in Fighting
  6255 | D:5      | Found a staircase to the Ecumenical Temple.
  6416 | Temple   | Entered the Ecumenical Temple
  6597 | Temple   | Became a worshipper of Ashenzari the Shackled
  6752 | D:6      | You pick up a book of Vapours and begin reading...
  6752 | D:6      | You add the spells Poisonous Vapours and Corpse Rot to your
                  | library.
  6859 | D:6      | HP: 13/54 [poisoned by a scorpion]
  6860 | D:6      | HP: 1/54 [scorpion (6)]
  6861 | D:6      | Killed from afar by an orc priest

Vanquished Creatures
  A water moccasin (D:5)
  A black bear (D:5)
  2 necrophages
  A scorpion (D:5)
  2 water moccasin skeletons
  A gnoll shaman (D:5)
  A jelly (D:5)
  2 orc priests
  A centaur skeleton (D:4)
  3 bullfrog skeletons
  3 iguanas
  3 orc wizards
  A hound skeleton (D:4)
  3 gnolls (D:4)
  11 adders
  A shadow imp (D:5)
  An ufetubus (D:5)
  An adder skeleton (D:4)
  2 worms
  4 dart slugs
  9 orcs
  8 ball pythons
  An endoplasm (D:1)
  5 giant cockroaches
  10 goblins
  4 hobgoblins
  4 jackals (D:1)
  3 quokkas
  4 bats
  5 frilled lizards
  7 kobolds
  5 rats
110 creatures vanquished.

Vanquished Creatures (others)
  A butterfly (D:4)
  12 plants
13 creatures vanquished.

Grand Total: 123 creatures vanquished

Table legend:
 A = Non-vault XP
 B = Vault XP
 C = Vault XP percentage of total XP
 D = Non-vault monster count
 E = Vault monster count
 F = Vault count percentage of total count
                 A         B        C        D         E       F
            +---------+---------+-------+---------+---------+-------
      Total |    1395 |     243 |  14.8 |     105 |       5 |   4.5
            +---------+---------+-------+---------+---------+-------
        D:1 |      51 |       0 |   0.0 |      28 |       0 |   0.0
        D:2 |      51 |       0 |   0.0 |      14 |       0 |   0.0
        D:3 |     149 |       0 |   0.0 |      23 |       0 |   0.0
        D:4 |     230 |       0 |   0.0 |      18 |       0 |   0.0
        D:5 |     671 |     243 |  26.6 |      16 |       5 |  23.8
        D:6 |     243 |       0 |   0.0 |       6 |       0 |   0.0
            +---------+---------+-------+---------+---------+-------

Illustrated notes

Table legend:
 A = Kills in this place as a percentage of kills in entire the game.
 B = Kills by you in this place as a percentage of kills by you in the entire game.
 C = Kills by friends in this place as a percentage of kills by friends in the entire game.
 D = Other kills in this place as a percentage of other kills in the entire game.
 E = Experience gained in this place as a percentage of experience gained in the entire game.
 F = Experience gained in this place divided by the number of levels of this place that you have seen.
                   A       B       C       D       E      F
               +-------+-------+-------+-------+-------+----------------------
         Total | 100.0 | 100.0 |   N/A |   N/A | 100.0 | 234.0
       Dungeon | 100.0 | 100.0 |   N/A |   N/A | 100.0 | 273.0
               +-------+-------+-------+-------+-------+----------------------

Table legend: (Time is in decaauts)
 A = Elapsed time spent in this place.
 B = Non-inter-level travel time spent in this place.
 C = Inter-level travel time spent in this place.
 D = Time resting spent in this place.
 E = Time spent auto-exploring this place.
 F = Levels seen in this place.
 G = Mean time per level.
                   A        B        C        D        E       F      G
               +--------+--------+--------+--------+--------+-----+--------+
         Total |   6881 |   6510 |    371 |    298 |   5407 |   7 |  983.0 |
       Dungeon |   6643 |   6328 |    315 |    298 |   5236 |   6 | 1107.2 |
        Temple |    237 |    181 |     56 |      0 |    171 |   1 |  237.0 |
               +--------+--------+--------+--------+--------+-----+--------+

Top non-repeatable levels by time:
     D:5: 1479 daAuts
     D:4: 1454 daAuts
     D:1: 1310 daAuts
     D:2: 1180 daAuts
     D:3: 1042 daAuts
  Temple: 237 daAuts
     D:6: 177 daAuts
